 Dungeon Crawl Stone Soup version 0.27-a0-732-ga892ba84f6 (webtiles) character file.

Game seed: 5291438387083058701

65497 funkygono the Eclecticist (level 15, -13/101 HPs)
             Began as a Djinni Fire Elementalist on Mar 23, 2021.
             Was the Champion of Vehumet.
             Mangled by a phantasmal warrior (25 damage)
             ... led by a death knight
             ... on level 10 of the Dungeon.
             The game lasted 01:07:29 (16616 turns).

funkygono the Eclecticist (DjFE)                   Turns: 16616, Time: 01:07:31

Health: -13/101    AC: 13    Str: 11    XL:     15   Next: 16%
Magic:  0/0        EV: 16    Int: 22    God:    Vehumet [******]
Gold:   1417       SH:  0    Dex: 23    Spells: 9/49 levels left

rFire    + + .     SeeInvis .   z - +11 dagger of the Saviour {drain, Dex+5}
rCold    . . .     Faith    .   (no shield)
rNeg     + . .     Spirit   .   B - +1 swamp dragon scales
rPois    ∞         Reflect  .   m - +1 hat
rElec    .         Harm     .   (no cloak)
rCorr    .         Rampage  .   e - +1 pair of gloves
Will     .....                  (boots unavailable)
Stlth    ++........             j - amulet of regeneration
HPRegen  1.26/turn              d - ring of positive energy
MPRegen  0.00/turn              q - ring "Vuverus" {rC+ Str+4 Dex+3}

@: weak-willed, flying
A: fire resistance 2, cold vulnerability 1, float, innate caster, hp casting,
extra vitality 1
a: Renounce Religion


You were on level 10 of the Dungeon.
You worshipped Vehumet.
Vehumet was exalted by your worship.
You visited 3 branches of the dungeon, and saw 18 of its levels.
You also visited: Ice Cave.

You collected 1417 gold pieces.

Inventory:

Hand Weapons
 z - the +11 dagger of the Saviour (weapon) {drain, Dex+5}
   (You found it on level 7 of the Dungeon)

   A truly terrible weapon, it drains the life of those it strikes.
   It affects your dexterity (+5).
Armour
 e - a +1 pair of gloves (worn)
 m - a +1 hat (worn)
 B - +1 swamp dragon scales (worn)
Jewellery
 d - a ring of positive energy (right hand)
 j - an amulet of regeneration (around neck)
 l - a ring of see invisible
 o - a ring of fire
 q - the ring "Vuverus" (left hand) {rC+ Str+4 Dex+3}
   (You acquired it on level 4 of the Dungeon)

   [ring of protection from cold]

   It affects your strength (+4).
   It affects your dexterity (+3).
   It protects you from cold.
 J - a ring of protection from cold
Wands
 p - a wand of iceblast (40)
 v - a wand of random effects (14)
 x - a wand of mindburst (13)
 E - a wand of acid (22)
 H - a wand of digging (6)
Scrolls
 n - 6 scrolls of magic mapping
 s - 5 scrolls of teleportation
 y - a scroll of silence
 C - a scroll of fear
 D - a scroll of immolation
 I - 2 scrolls of identify
Potions
 b - a potion of attraction
 h - 4 potions of heal wounds
 i - a potion of brilliance
 k - 3 potions of invisibility
 t - 5 potions of haste
 w - 3 potions of might
 F - a potion of ambrosia
 G - a potion of curing


   Skills:
 * Level 7.2 Fighting
 * Level 6.7 Short Blades
 * Level 7.0 Armour
 * Level 9.1 Dodging
 - Level 3.2 Stealth
 * Level 17.5 Spellcasting


You had 9 spell levels left.
You knew the following spells:

 Your Spells              Type           Power      Damage    Failure   Level
a - Foxfire               Conj/Fire      100%       2x1d9     0%          1
b - Conjure Flame         Conj/Fire      77%        6-21      0%          3
c - Inner Flame           Hex/Fire       77%        N/A       0%          3
d - Sticky Flame          Conj/Fire      77%        2d9       1%          4
e - Fireball              Conj/Fire      38%        3d16      1%          5
f - Summon Small Mammal   Summ           100%       N/A       0%          1
g - Corpse Rot            Necr/Air       N/A        N/A       0%          2
h - Confusing Touch       Hex            77%        N/A       0%          3
i - Gell's Gravitas       Tloc           38%        N/A       0%          3
j - Fulminant Prism       Conj/Hex       38%        3d18      1%          4
k - Bolt of Magma         Conj/Fire/Erth 38%        4d16      1%          5
l - Death Channel         Necr           38%        N/A       1%          6
Your spell library was empty.

Dungeon Overview and Level Annotations

Branches:
Dungeon (11/15)            Temple (1/1) D:7            Lair (6/6) D:10
 Shoals (0/4) Lair:4       Spider (0/4) Lair:2        Slime (0/5) Lair:6
  IceCv (visited)
    Orc: D:9-12

Altars:
Ashenzari
Cheibriados
Dithmenos
Elyvilon
Fedhas
Gozag
Hepliaklqana
Kikubaaqudgha
Makhleb
Nemelex Xobeh
Okawaru
Qazlal
Ru
Sif Muna
Trog
Uskayaw
Vehumet
Wu Jian
Xom
Yredelemnul
Zin
The Shining One

Shops:
D:5 (   D:8 (   D:9 *?:(


Innate Abilities, Weirdness & Mutations

You are immune to poison.
Your flesh is very heat resistant. (rF++)
You are vulnerable to cold. (rC-)
You float through the air rather than walking.
You learn spells naturally, not from books.
Your magical power is your life essence.
You have superior vitality. (+4 HP)


Message History

Aim: a kobold demonologist, wielding a +0 dagger and wearing a +0 robe (heavily wounded, 36% to evade)
The bolt of magma hits the kobold demonologist!!!
You kill the kobold demonologist!
Vehumet accepts your kill.
The iron imp disappears in a puff of smoke!
A phantasmal warrior comes into view.
The gargoyle hurls a stone arrow at you.
The stone arrow hits you.
You fly upwards.
There is a stone staircase leading down here.
You start resting.
HP restored.
You fly downwards.
A phantasmal warrior comes into view.
The phantasmal warrior blinks! x2; The phantasmal warrior hits you.
Your willpower is stripped away!
There is a stone staircase leading up here.
The phantasmal warrior hits you!! The phantasmal warrior hits you.
You fly upwards.
There is a stone staircase leading down here.
Casting: Bolt of Magma (safe; 1% risk of failure)
Confirm with . or Enter, or press ? or * to list all spells.
Aiming: Sticky Flame (safe; 1% risk of failure)
Press: ? - help, Shift-Dir - straight line, f - phantasmal warrior
Aim: a phantasmal warrior (0% to evade)
The sticky flame hits the phantasmal warrior but does no damage.
The phantasmal warrior misses you. The phantasmal warrior hits you.
Unknown command.
The phantasmal warrior hits you!! x2
* * * LOW HITPOINT WARNING * * *
The phantasmal warrior closely misses you.
The phantasmal warrior blinks!
Casting: Sticky Flame (safe; 1% risk of failure)
Confirm with . or Enter, or press ? or * to list all spells.
You conjure some foxfire!
* * * LOW HITPOINT WARNING * * *
The phantasmal warrior hits you!!
* * * LOW HITPOINT WARNING * * *
The phantasmal warrior hits you!!
You die...

#.#......#
#..##############
#(#......#
##.##############
#.#......#
#.#............#
#.#......#
#.#............#
#.#......#
#..............#
#.#......#
#..[...........#
#.#[=}}..#
#.....).......(#
#.#[=!...#
#.vW...........#
#.#)"=...#
##.@############
#.#)==[..# #.Wv#
.........#######..#
#.#..........[...>#
#.........#########
###.#.###...#
#...#..<..#.#
#.#.###...#.# ..#.#
###.#.#


You could see 2 phantasmal warriors.

Vanquished Creatures
  A frost giant (IceCv)
  7 hydras
  A boulder beetle (Lair:6)
  A catoblepas (Lair:6)
  15 death yaks
  2 two-headed ogres
  A deep troll shaman (Lair:6)
  2 unseen horrors (D:10)
  Pikel (D:6)
  A manticore (Lair:4)
  10 elephants
  A torpor snail (Lair:4)
  A centaur zombie (D:10)
  2 cyclopes
  5 black mambas
  Maggie (D:10)
  An ice statue (IceCv)
  A kobold demonologist (D:11)
  8 komodo dragons
  4 rime drakes
  10 cane toads
  2 trolls
  2 jumping spiders (Lair:2)
  18 polar bears
  A wind drake (Lair:4)
  Prince Ribbit (D:6)
  19 blink frogs
  Sigmund (D:2)
  84 yaks
  2 wyverns
  Eustachio (D:6)
  A human (shapeshifter) (D:10)
  4 basilisks
  12 water moccasins
  2 black bears
  2 orc warriors
  7 sky beasts
  A necrophage (D:8)
  5 ogres
  40 wolves
  2 centaurs
  2 lemures (D:6)
  2 kobold brigands
  A phantom (D:10)
  15 bullfrogs
  A water moccasin zombie (D:8)
  5 scorpions
  14 killer bees
  10 wights
  8 howler monkeys
  An electric eel (Lair:1)
  5 orc priests
  2 bullfrog zombies
  A quasit (D:10)
  6 jellies
  A gnoll shaman (D:3)
  2 centaur skeletons
  2 bullfrog skeletons
  10 hounds
  Jessica (D:2)
  3 iguanas
  4 orc wizards
  7 worker ants
  2 hound zombies
  A hound skeleton (D:8)
  A howler monkey zombie (D:8)
  A worker ant zombie (D:11)
  6 gnolls
  A howler monkey skeleton (D:4)
  17 adders
  A shadow imp (D:10)
  4 white imps
  3 ufetubi
  An adder skeleton (D:8)
  21 orcs
  7 ball pythons
  2 bats (D:2)
  5 giant cockroaches
  7 goblins
  9 hobgoblins
  17 jackals
  7 oozes
  12 quokkas
  2 frilled lizards
  18 kobolds
  A quokka skeleton (D:6)
  A quokka zombie (D:6)
  7 rats
  3 butterflies (Lair:1)
543 creatures vanquished.

Vanquished Creatures (collateral kills)
  28 foxfires
28 creatures vanquished.

Vanquished Creatures (others)
  An elephant (Lair:6)
  2 bushes (Lair:6)
  1772 foxfires
  A fulminant prism (Lair:6)
  33 fungi
  66 plants
1875 creatures vanquished.

Grand Total: 2446 creatures vanquished

Notes
Turn   | Place    | Note
-------+----------+-------------------------------------------
     0 | D:1      | funkygono the Djinni Fire Elementalist began the quest for
                  | the Orb.
     0 | D:1      | Reached XP level 1. HP: 15/15 MP: 0/0
   249 | D:1      | Reached skill level 3 in Spellcasting
   249 | D:1      | Reached XP level 2. HP: 20/21 MP: 0/0
  1298 | D:2      | Reached XP level 3. HP: 13/25 MP: 0/0
  1298 | D:2      | Learned a level 1 spell: Summon Small Mammal
  1609 | D:2      | Noticed Jessica
  1613 | D:2      | Killed Jessica
  1614 | D:2      | Reached skill level 4 in Spellcasting
  1614 | D:2      | Reached XP level 4. HP: 29/31 MP: 0/0
  1915 | D:2      | Noticed Sigmund
  1922 | D:2      | Killed Sigmund
  1923 | D:2      | Reached skill level 5 in Spellcasting
  1923 | D:2      | Reached XP level 5. HP: 19/35 MP: 0/0
  1923 | D:2      | Learned a level 2 spell: Corpse Rot
  1923 | D:2      | Reached XP level 6. HP: 22/40 MP: 0/0
  2470 | D:3      | Found an opulent altar of Gozag.
  2991 | D:4      | Reached skill level 6 in Spellcasting
  2991 | D:4      | Reached XP level 7. HP: 45/45 MP: 0/0
  2991 | D:4      | Learned a level 3 spell: Confusing Touch
  3703 | D:4      | Identified a scroll of acquirement
  3703 | D:4      | Acquired the ring "Vuverus" {rC+ Str+4 Dex+3}
  3772 | D:5      | Entered Level 5 of the Dungeon
  3853 | D:5      | Reached skill level 7 in Spellcasting
  4135 | D:5      | Reached XP level 8. HP: 24/50 MP: 0/0
  4215 | D:5      | Found Cesui's Antique Weapon Shop.
  4311 | D:5      | Reached skill level 8 in Spellcasting
  4520 | D:5      | Found a shadowy altar of Dithmenos.
  4684 | D:6      | Noticed Prince Ribbit
  4807 | D:6      | Reached skill level 9 in Spellcasting
  4827 | D:6      | Noticed Eustachio
  4866 | D:6      | Killed Eustachio
  4867 | D:6      | Reached XP level 9. HP: 9/56 MP: 0/0
  4867 | D:6      | Learned a level 3 spell: Gell's Gravitas
  4962 | D:6      | Killed Prince Ribbit
  4963 | D:6      | Reached skill level 1 in Fighting
  5030 | D:6      | Noticed Pikel
  5037 | D:6      | Killed Pikel
  5038 | D:6      | Reached skill level 10 in Spellcasting
  5655 | D:7      | Reached XP level 10. HP: 64/64 MP: 0/0
  5793 | D:7      | Reached skill level 11 in Spellcasting
  5828 | D:7      | Found a staircase to the Ecumenical Temple.
  5847 | Temple   | Entered the Ecumenical Temple
  5959 | Temple   | Became a worshipper of Vehumet
  6042 | D:7      | Identified the +11 dagger of the Saviour {drain, Dex+5}
  6350 | D:8      | Reached * piety under Vehumet
  6400 | D:8      | Reached skill level 5 in Dodging
  6508 | D:8      | Found an opulent altar of Gozag.
  6596 | D:8      | Found Qogh's Weapon Shoppe.
  6636 | D:8      | Found a sacrificial altar of Ru.
  6970 | D:9      | Reached ** piety under Vehumet
  7170 | D:9      | Found Dekoch's Magic Scroll Boutique.
  7190 | D:9      | Found Puliump's Book Shoppe.
  7397 | D:9      | Noticed a two-headed ogre
  7404 | D:9      | Killed a two-headed ogre
  7405 | D:9      | Reached skill level 1 in Short Blades
  7405 | D:9      | Reached skill level 12 in Spellcasting
  7641 | D:9      | Found Gaduapry's Antique Weapon Emporium.
  7732 | D:9      | Found Qionoj's Assorted Antiques.
  7819 | D:10     | Entered Level 10 of the Dungeon
  7851 | D:10     | Noticed an unseen horror
  7851 | D:10     | a basilisk changed into an unseen horror
  7852 | D:10     | an unseen horror changed into a human
  7982 | D:10     | Reached XP level 11. HP: 56/71 MP: 0/0
  7982 | D:10     | Learned a level 4 spell: Fulminant Prism
  8003 | D:10     | Noticed a cyclops
  8015 | D:10     | Killed a cyclops
  8055 | D:10     | Found a staircase to the Lair.
  8098 | D:10     | Noticed a two-headed ogre
  8104 | D:10     | Killed a two-headed ogre
  8177 | D:10     | Reached *** piety under Vehumet
  8178 | D:10     | Noticed Maggie
  8198 | D:10     | Killed Maggie
  8199 | D:10     | Reached skill level 13 in Spellcasting
  8295 | D:10     | Noticed an unseen horror
  8304 | D:10     | Killed an unseen horror
  8920 | D:10     | Noticed an unseen horror
  8924 | D:10     | Killed an unseen horror
  9064 | Lair:1   | Entered Level 1 of the Lair of Beasts
  9112 | Lair:1   | Reached skill level 1 in Armour
  9414 | Lair:1   | Reached XP level 12. HP: 59/79 MP: 0/0
  9706 | Lair:1   | Reached skill level 14 in Spellcasting
  9736 | Lair:1   | Reached **** piety under Vehumet
 10457 | Lair:2   | Noticed a six-headed hydra
 10471 | Lair:2   | Killed a six-headed hydra
 10472 | Lair:2   | Reached skill level 5 in Fighting
 10498 | Lair:2   | Found a hole to the Spider Nest.
 11093 | Lair:3   | Noticed a death yak
 11110 | Lair:3   | Killed a death yak
 11113 | Lair:3   | Noticed a death yak
 11113 | Lair:3   | Noticed a death yak
 11117 | Lair:3   | Killed a death yak
 11117 | Lair:3   | Killed a death yak
 11118 | Lair:3   | Reached skill level 5 in Short Blades
 11118 | Lair:3   | Reached XP level 13. HP: 70/86 MP: 0/0
 11118 | Lair:3   | Learned a level 5 spell: Bolt of Magma
 11493 | Lair:3   | Reached skill level 15 in Spellcasting
 11912 | Lair:4   | Reached skill level 5 in Armour
 12217 | Lair:4   | Found a staircase to the Shoals.
 12653 | Lair:5   | Reached ***** piety under Vehumet
 13661 | Lair:6   | Entered Level 6 of the Lair of Beasts
 13690 | Lair:6   | Reached skill level 16 in Spellcasting
 13755 | Lair:6   | Found a staircase to the Slime Pits.
 13784 | Lair:6   | Found a frozen archway.
 13795 | Lair:6   | Reached XP level 14. HP: 90/94 MP: 0/0
 13828 | IceCv    | Entered an ice cave
 14449 | IceCv    | Noticed a frost giant
 14456 | IceCv    | Killed a frost giant
 15170 | Lair:6   | Reached skill level 17 in Spellcasting
 15656 | Lair:6   | Reached XP level 15. HP: 91/101 MP: 0/0
 15656 | Lair:6   | Learned a level 6 spell: Death Channel
 15821 | Lair:6   | Identified the +3 quarterstaff "Fotaaxt" {freeze, rF+
                  | Str+2}
 16275 | Lair:6   | Reached ****** piety under Vehumet
 16616 | D:10     | Mangled by a phantasmal warrior

Illustrated notes

Levels and vault maps discovered:
D:1:      erik_arrival_orb_chamber, layout_loops_ring
D:2:      layout_basic, uniq_jessica, uniq_sigmund
D:3:      layout_basic, corexii_corridor_pit, grunt_gozag_breadcrumbs
D:4:      layout_gridville, minivault_5
D:5:      layout_loops_ring, grunt_dithmenos_smoke, serial_shops,
          nicolae_shop_behind_doors, kennysheep_opposing_triangles
D:6:      layout_basic, item_on_display_b, uniq_eustachio, uniq_pikel,
          uniq_prince_ribbit1
D:7:      layout_rooms, minmay_temple_entry_overgrown
D:8:      layout_gridville, basic_altar, serial_shops, shop,
          lemuel_altar_in_water
D:9:      layout_roguey, serial_shops, shop, kennysheep_little_box,
          nicolae_shop_stone, shop, dk_vineyard_3
D:10:     layout_basic, lair_entry_dummy, minmay_misc_feat_alley, uniq_maggie
D:11:     minmay_the_grid_triangle_9x9_rhombus_thin
          [minmay_the_grid_triangle_9x9_dagger,
          minmay_the_grid_triangle_9x9_prize_schism,
          minmay_the_grid_triangle_9x9_tough_junction,
          minmay_the_grid_triangle_9x9_empty], layout_basic
Temple:   dpeg_three_leaves_temple
Lair:1:   layout_cave_pods, lemuel_fruit_fields, serial_bayou_shore_a
Lair:2:   layout_small_grid, spider_nest_entry_a, grunt_megastairs_4
Lair:3:   layout_concentric_octagons, minivault_25
Lair:4:   layout_misc_corridors, minmay_shoals_entry_beasts
Lair:5:   layout_cave_pods, infiniplex_staircase_pool
Lair:6:   grunt_lair_end_beastmaster, layout_small_grid,
          nicolae_slime_entry_slimehenge, portal_ice_cave_entry_pillars_2

Skill      XL: |  1  2  3  4  5  6  7  8  9 10 11 12 13 14 15 |
---------------+----------------------------------------------+-----
Spellcasting   | 3 4 5 6 7 9 10 12 13 14 16 17 | 17.5
Stealth        | 2 3 |  3.2
Dodging        | 3 4 5 6 7 8 9 |  9.1
Fighting       | 1 3 4 5 6 7 |  7.2
Short Blades   | 1 3 5 6 |  6.7
Armour         | 1 4 6 7 |  7.0

Action                   |  1- 3 |  4- 6 |  7- 9 | 10-12 | 13-15 || total
-------------------------+-------+-------+-------+-------+-------++-------
Melee: Dagger            |       |       |       |    45 |    31 ||    76
       Whip              |       |       |       |     1 |       ||     1
 Cast: Foxfire           |    42 |    80 |   184 |   455 |   286 ||  1047
       Conjure Flame     |       |     1 |       |     3 |       ||     4
       Corpse Rot        |       |     1 |       |       |       ||     1
       Inner Flame       |       |       |     4 |    15 |     2 ||    21
       Sticky Flame      |       |       |    14 |    66 |    85 ||   165
       Fireball          |       |       |    21 |    31 |    32 ||    84
       Confusing Touch   |       |       |     1 |       |       ||     1
       Gell's Gravitas   |       |       |       |     1 |       ||     1
       Bolt of Magma     |       |       |       |       |   164 ||   164
       Summon Small Mamm |       |       |       |       |     1 ||     1
       Fulminant Prism   |       |       |       |       |     1 ||     1
       Death Channel     |       |       |       |       |     2 ||     2
  Use: Scroll            |     4 |     4 |     6 |    12 |     3 ||    29
       Potion            |       |       |     3 |       |       ||     3
Armor: Robe              |       |       |    19 |    18 |       ||    37
       Swamp dragon scal |       |       |       |    32 |    56 ||    88
Dodge: Dodged            |     3 |     4 |   112 |   129 |    92 ||   340

Table legend: (Time is in decaauts)
 A = Elapsed time spent in this place.
 B = Non-inter-level travel time spent in this place.
 C = Inter-level travel time spent in this place.
 D = Time resting spent in this place.
 E = Time spent auto-exploring this place.
 F = Levels seen in this place.
 G = Mean time per level.
                   A        B        C        D        E       F      G
               +--------+--------+--------+--------+--------+-----+--------+
         Total |  16611 |  16081 |    530 |    239 |  12528 |  19 |  874.3 |
       Dungeon |   9042 |   8796 |    246 |    186 |   6871 |  11 |  822.0 |
        Temple |    120 |    112 |      8 |      0 |     64 |   1 |  120.0 |
          Lair |   6516 |   6241 |    275 |     53 |   4930 |   6 | 1086.0 |
      Ice Cave |    932 |    932 |      0 |      0 |    663 |   1 |  932.0 |
               +--------+--------+--------+--------+--------+-----+--------+

Top non-repeatable levels by time:
  Lair:6: 1820 daAuts
    D:10: 1321 daAuts
     D:1: 1177 daAuts
  Lair:3: 1017 daAuts
  Lair:1: 1010 daAuts
  Lair:5: 990 daAuts
     D:2: 983 daAuts
     D:4: 969 daAuts
   IceCv: 932 daAuts
  Lair:2: 871 daAuts
     D:6: 869 daAuts
     D:9: 850 daAuts
     D:5: 814 daAuts
  Lair:4: 805 daAuts
     D:8: 729 daAuts
